 Dungeon Crawl Stone Soup version 0.27-a0-1060-gcb85b5eba1 (webtiles) character file.

Game seed: 16101977432620154864

301 oldmanjim the Ruffian (level 6, -9/59 HPs)
             Began as a Troll Warper on Apr 21, 2021.
             Killed from afar by a steam dragon (16 damage)
             ... with a ball of steam
             ... on level 4 of the Dungeon.
             The game lasted 00:14:29 (2286 turns).

oldmanjim the Ruffian (Troll Warper)                Turns: 2286, Time: 00:14:31

Health: -9/59      AC:  5    Str: 20    XL:     6   Next: 14%
Magic:  6/6        EV: 14    Int: 10    God:
Gold:   136        SH:  5    Dex: 10    Spells: 7/7 levels left

rFire    . . .     SeeInvis .     - Unarmed
rCold    . . .     Faith    .   (no shield)
rNeg     . . .     Spirit   .   j - +0 robe {Will+}
rPois    .         Reflect  +   (helmet restricted)
rElec    .         Harm     .   b - +0 cloak
rCorr    .         Rampage  .   (gloves unavailable)
Will     +....                  (boots unavailable)
Stlth    +.........             o - amulet of reflection
HPRegen  1.19/turn              e - +4 ring of evasion
MPRegen  0.10/turn              (no ring)

@: no status effects
A: large, unfitting armour, claws 3, regeneration 1, shaggy fur 1, tough skin 1
a: no special abilities


You were on level 4 of the Dungeon.
You visited 1 branch of the dungeon, and saw 4 of its levels.
You also visited: Sewer.

You collected 181 gold pieces.
You spent 45 gold pieces at shops.

Inventory:

Missiles
 d - 5 boomerangs of dispersal
 q - 5 large rocks (quivered)
 s - 9 poisoned darts
 u - a throwing net
Armour
 a - a +0 robe
 b - a +0 cloak (worn)
 j - a +0 robe of willpower (worn)
Jewellery
 e - a +4 ring of evasion (left claw)
 o - an amulet of reflection (around neck)
Wands
 l - a wand of paralysis (10)
 n - a wand of flame (23)
Scrolls
 c - 2 scrolls of blinking
 f - 2 scrolls of enchant weapon {unknown}
 g - 3 scrolls of magic mapping {unknown}
 h - 5 scrolls of identify {unknown}
 k - 3 scrolls of vulnerability {unknown}
 m - a scroll of enchant armour {unknown}
Potions
 i - a potion of brilliance {unknown}
 p - a potion of ambrosia {unknown}
 r - a potion of degeneration {unknown}
 t - a potion of berserk rage {unknown}


   Skills:
 + Level 2.5 Fighting
 + Level 1.8 Throwing
 - Level 3.0 Dodging
 - Level 4.0 Unarmed Combat
 - Level 1.2 Spellcasting
 - Level 2.1 Translocations
 - Level 2.0 Evocations


You had 7 spell levels left.
You didn't know any spells.
Your spell library contained the following spells:

 Spells                   Type           Power      Damage    Failure   Level
 Blink                    Tloc           N/A        N/A       21%         2
 Gell's Gravitas          Tloc           2%         N/A       38%         3
 Lesser Beckoning         Tloc           2%         N/A       38%         3
 Teleport Other           Tloc           5%         N/A       38%         3
 Manifold Assault         Tloc           5%         N/A       98%         5


Dungeon Overview and Level Annotations

Branches:
Dungeon (4/15)              Sewer (visited)
 Temple: D:4-7

Altars:

Shops:
D:3 (


Innate Abilities, Weirdness & Mutations

You are too large for most types of armour.
You have claws for hands.
Your natural rate of healing is unusually fast.
You are covered in fur. (AC +1)
You have tough skin. (AC +1)


Message History

You hear a bark!
You block the steam dragon's attack.
The steam dragon claws you but does no damage.
A hound comes into view.
You claw the steam dragon!
The steam dragon is heavily wounded.
The steam dragon misses you. x2
You scratch the steam dragon.
The steam dragon is severely wounded.
The steam dragon bites you. You block the steam dragon's attack.
You barely miss the steam dragon.
The steam dragon is severely wounded.
The hound bites you. The steam dragon breathes steam at you.
The ball of steam hits you! The hound misses you.
You are engulfed in a cloud of scalding steam.
* * * LOW HITPOINT WARNING * * *
The hound is engulfed in a cloud of scalding steam.
The hound bites you but does no damage. You block the steam dragon's attack.
The steam dragon claws you.
* * * LOW HITPOINT WARNING * * *
The hound is engulfed in a cloud of scalding steam.
The hound bites you.
* * * LOW HITPOINT WARNING * * *
The hound is engulfed in a cloud of scalding steam.
The hound bites you.
* * * LOW HITPOINT WARNING * * *
An iguana comes into view.
You barely miss the steam dragon.
The steam dragon is severely wounded.
The hound closely misses you. The steam dragon completely misses you.
The steam dragon claws you but does no damage.
The hound barely misses you.
You closely miss the steam dragon.
The steam dragon is severely wounded.
The hound is engulfed in a cloud of scalding steam.
The hound bites you but does no damage. The steam dragon breathes steam at you.
The ball of steam hits you!
You die...

..........# #...
..........# ###.>
..........# #....
###.......# #....
#.......###.).######
#......<..#........#
#####.....###.l....#
#.....# #.hD...#
########'#+####.@....#
.....................#
..............#......#
..............#......#
..............##'#####
..............##.#
...............#.#
......[........#.#
<..............#.#


You could see a steam dragon (catching breath), an iguana and a hound.

Vanquished Creatures
  A water moccasin (Sewer)
  A hound (D:4)
  3 gnolls (D:4)
  5 adders
  6 dart slugs
  4 ball pythons
  9 bats
  5 endoplasms
  4 giant cockroaches
  2 goblins
  6 hobgoblins
  13 jackals
  7 kobolds
  2 quokkas
  5 frilled lizards
  3 rats
76 creatures vanquished.

Notes
Turn   | Place    | Note
-------+----------+-------------------------------------------
     0 | D:1      | oldmanjim the Troll Warper began the quest for the Orb.
     0 | D:1      | Reached XP level 1. HP: 19/19 MP: 1/1
    95 | D:1      | Reached XP level 2. HP: 28/28 MP: 2/2
   320 | D:1      | Reached XP level 3. HP: 35/35 MP: 3/3
  1024 | D:2      | Reached skill level 3 in Unarmed Combat
  1179 | D:2      | Reached XP level 4. HP: 42/42 MP: 4/4
  1651 | D:3      | Found Laleh's Weapon Shoppe.
  1663 | D:3      | Bought 5 large rocks for 45 gold pieces
  1711 | D:3      | Found a faded altar of an unknown god.
  1986 | D:4      | Found a glowing drain.
  2017 | D:4      | Reached skill level 4 in Unarmed Combat
  2022 | D:4      | Reached XP level 5. HP: 24/49 MP: 5/5
  2044 | D:4      | Reached skill level 1 in Evocations
  2053 | Sewer    | Entered a sewer
  2079 | Sewer    | Noticed a water moccasin
  2085 | Sewer    | Killed a water moccasin
  2086 | Sewer    | Reached skill level 1 in Throwing
  2086 | Sewer    | Reached XP level 6. HP: 40/58 MP: 6/6
  2271 | D:4      | Noticed a steam dragon
  2286 | D:4      | Killed from afar by a steam dragon

Illustrated notes

Levels and vault maps discovered:
D:1:      scummos_arrival_star, layout_loops_ring, serial_rivers,
          chequers_serial_rivers_micro_b, chequers_serial_rivers_micro_a,
          chequers_serial_rivers_small_b, chequers_serial_rivers_small_3,
          minivault_14
D:2:      layout_rooms, kennysheep_nub
D:3:      layout_basic, chequers_ecumenical_altar_island, serial_shops,
          nicolae_shop_statue_plus
D:4:      layout_basic, gup_sewer_entry_glass

Skill      XL: |  1  2  3  4  5 |
---------------+----------------+-----
Dodging        | 2 3 |  3.0
Fighting       | 2 |  2.5
Unarmed Combat | 3 4 |  4.0
Evocations     | 2 |  2.0
Throwing       | 1 |  1.8
Spellcasting   | |  1.2
Translocations | |  2.1

Action                   |  1- 3 |  4- 6 || total
-------------------------+-------+-------++-------
Melee: Unarmed           |   118 |   102 ||   220
       Punch             |     2 |       ||     2
Throw: Large rock        |       |     1 ||     1
 Stab: Sleeping          |       |     1 ||     1
Armor: Robe              |    39 |    40 ||    79
Dodge: Dodged            |    59 |   102 ||   161
Block: Other             |       |    35 ||    35

Table legend: (Time is in decaauts)
 A = Elapsed time spent in this place.
 B = Non-inter-level travel time spent in this place.
 C = Inter-level travel time spent in this place.
 D = Time resting spent in this place.
 E = Time spent auto-exploring this place.
 F = Levels seen in this place.
 G = Mean time per level.
                   A        B        C        D        E       F      G
               +--------+--------+--------+--------+--------+-----+--------+
         Total |   2282 |   2159 |    123 |     16 |   1649 |   5 |  456.4 |
       Dungeon |   2155 |   2032 |    123 |      0 |   1583 |   4 |  538.8 |
         Sewer |    127 |    127 |      0 |     16 |     66 |   1 |  127.0 |
               +--------+--------+--------+--------+--------+-----+--------+

Top non-repeatable levels by time:
     D:1: 933 daAuts
     D:3: 608 daAuts
     D:2: 438 daAuts
     D:4: 175 daAuts
   Sewer: 127 daAuts
